 Dungeon Crawl Stone Soup version 0.21.1-1-g345015f (webtiles) character file.

336 Santangelo the Covert (level 6, -1/42 HPs)
             Began as an Octopode Assassin on Feb 5, 2018.
             Slain by Pikel
             ... wielding a +2 whip of flaming
              (8 damage)
             ... on level 4 of the Dungeon.
             The game lasted 00:31:52 (3153 turns).

Santangelo the Covert (Octopode Assassin)           Turns: 3153, Time: 00:31:53

Health: -1/42      AC:  1    Str: 10    XL:     6   Next: 54%
Magic:  6/6        EV: 14    Int: 14    God:
Gold:   179        SH:  0    Dex: 15    Spells: 5/5 levels left

rFire    . . .     SeeInvis .   x - +2 dagger
rCold    . . .     Gourm    .   (no shield)
rNeg     + . .     Faith    .   (helmet restricted)
rPois    .         Spirit   .   j - amulet of regeneration
rElec    .         Reflect  .   i - ring of stealth
rCorr    .         Harm     .   g - ring of positive energy
MR       .....                  o - ring of wizardry
Stlth    ++++++....             (no ring)
HPRegen  0.54/turn              (no ring)
MPRegen  0.10/turn              (no ring)
                                (no ring)
                                (no ring)

@: hasted, very quick
A: almost no armour, stealthy swim, amphibious, 8 rings, constrict 8, camouflage
1, gelatinous body 1
a: no special abilities


You were on level 4 of the Dungeon.
You were not hungry.

You visited 1 branch of the dungeon, and saw 4 of its levels.

You collected 179 gold pieces.

Inventory:

Hand Weapons
 c - a +0 blowgun
 x - a +2 dagger (weapon)
Missiles
 b - 18 poisoned needles (quivered)
 d - 2 curare-tipped needles
Jewellery
 g - a ring of positive energy (right tentacle)
 i - a ring of stealth (left tentacle)
 j - an amulet of regeneration (around mantle)
 o - a ring of wizardry (on tentacle)
Scrolls
 l - a scroll of noise {unknown}
 n - a scroll of identify
Potions
 a - a potion of might {unknown}
 h - a potion of cancellation
Comestibles
 f - 7 rations
 k - 4 chunks of flesh


   Skills:
 * Level 3.2 Fighting
 + Level 3.4 Short Blades
 + Level 2.2 Throwing
 * Level 2.8 Dodging
 - Level 8.0 Stealth


You had 5 spell levels left.
You didn't know any spells.

Dungeon Overview and Level Annotations

Branches:
Dungeon (4/15)
 Temple: D:4-7

Altars:
Kikubaaqudgha
Makhleb
Okawaru
Trog
The Shining One

Annotations:
D:4 Pikel


Innate Abilities, Weirdness & Mutations

You cannot wear most types of armour.
You are very stealthy in the water. (Stealth+)
You are amphibious.
You can wear up to eight rings at the same time.
You can use your tentacles to constrict eight enemies at once.
Your skin changes colour to match your surroundings (Stealth+).
Your rubbery body absorbs attacks. (AC +1, EV +1)


Message History

That felt strangely unrewarding.
Pikel hits you with a whip of flaming. Pikel burns you.
You hit Pikel. Your grab misses Pikel.
Pikel is lightly wounded.
Pikel hits you with a whip of flaming. Pikel burns you.
You are too injured to fight recklessly!
It was a potion of cancellation.
You feel magically purged. Pikel barely misses you.
It was a potion of curing.
You feel better. Pikel hits you with a whip of flaming! Pikel burns you.
* * * LOW HITPOINT WARNING * * *
Unknown command.
It was a potion of magic.
Magic courses through your body. Pikel hits you with a whip of flaming.
* * * LOW HITPOINT WARNING * * *
Pikel burns you.
* * * LOW HITPOINT WARNING * * *
It was a potion of haste.
You feel yourself speed up. Pikel hits you with a whip of flaming!
You die...

##...................#....'...#
#............#########....#...#
#............##.....##....#...###
##..................##...##...##.
##.......##..##.....##...##...'..
#........##..##......#........#..
#....................#........##.
##..##...##.........#..
#........#....#######....##...#..
##.....(.##...# #.#####...###
.#.......###### #.........##.
.#........# #............
##..##...## ########..##.
###'####### #####. ..........#
#.. ..........# #..


You could see Pikel.

Vanquished Creatures
  Eustachio (D:4)
  4 slaves (D:4)
  A hound (D:3)
  An iguana (D:4)
  A worker ant (D:4)
  4 adders
  7 worms
  2 dart slugs
  2 orcs
  2 ball pythons
  4 bat zombies (D:3)
  2 giant cockroaches
  5 hobgoblins
  4 jackals
  3 quokkas
  6 bats
  A frilled lizard (D:3)
  6 goblins
  4 kobolds
  5 rats
65 creatures vanquished.

Notes
Turn   | Place    | Note
-------+----------+-------------------------------------------
     0 | D:1      | Santangelo the Octopode Assassin began the quest for the Orb.
     0 | D:1      | Reached XP level 1. HP: 14/14 MP: 1/1
   676 | D:1      | Reached XP level 2. HP: 19/19 MP: 2/2
  1003 | D:2      | Reached skill level 6 in Stealth
  1069 | D:2      | Reached XP level 3. HP: 18/24 MP: 3/3
  1164 | D:2      | Found a bloodstained altar of Trog.
  1165 | D:2      | Found an iron altar of Okawaru.
  1574 | D:2      | Reached XP level 4. HP: 29/29 MP: 4/4
  1621 | D:3      | Reached skill level 7 in Stealth
  1995 | D:3      | Found a burning altar of Makhleb.
  2001 | D:3      | Reached XP level 5. HP: 35/35 MP: 5/5
  2240 | D:3      | Found an ancient bone altar of Kikubaaqudgha.
  2310 | D:4      | Noticed Eustachio
  2313 | D:4      | Killed Eustachio
  2313 | D:4      | Reached skill level 8 in Stealth
  2313 | D:4      | Reached XP level 6. HP: 42/42 MP: 6/6
  2518 | D:4      | Found a glowing golden altar of the Shining One.
  2605 | D:4      | Noticed a slave
  2613 | D:4      | Noticed Pikel
  2613 | D:4      | Noticed a slave
  2614 | D:4      | Noticed a slave
  2614 | D:4      | Noticed a slave
  2984 | D:4      | Killed a slave
  3053 | D:4      | Killed a slave
  3084 | D:4      | Killed a slave
  3148 | D:4      | Killed a slave
  3153 | D:4      | Slain by Pikel

Skill      XL: |  1  2  3  4  5 |
---------------+----------------+-----
Stealth        | 6 7 8 |  8.0
Dodging        | 2 |  2.8
Fighting       | 3 |  3.2
Short Blades   | 3 |  3.4
Throwing       | |  2.2

Action                   |  1- 3 |  4- 6 || total
-------------------------+-------+-------++-------
Melee: Dagger            |    69 |   110 ||   179
       Constrict         |    16 |    18 ||    34
       Tentacles         |    13 |    24 ||    37
  Use: Scroll            |     4 |     3 ||     7
       Potion            |       |     7 ||     7
 Stab: Sleeping          |    10 |    14 ||    24
  Eat: Chunk             |     2 |     3 ||     5
       Ration            |       |     1 ||     1
Armor: Skin              |     4 |     9 ||    13
Dodge: Dodged            |    39 |   104 ||   143
